 Dungeon Sprint DCSS version 0.17-a0-1636-g3119f2b (webtiles) character file.

3514 Kidiri the Unseen (level 9, -11/35 HPs)
             Began as a Spriggan Enchanter on Aug 6, 2015.
             Was a Priest of Dithmenos.
             Mangled by a yaktaur captain (29 damage)
             ... in the Dungeon (Sprint II: "The Violet Keep of Menkaure").
             The game lasted 00:18:30 (2009 turns).

Kidiri the Unseen (Spriggan Enchanter)              Turns: 2009, Time: 00:18:30

Health: -11/35     AC:  7    Str:  9    XL:     9   Next: 81%
Magic:  4/26       EV: 31    Int: 18    God:    Dithmenos [***...]
Gold:   696        SH:  0    Dex: 18    Spells: 5 memorised, 20 levels left

rFire  . . .     SeeInvis +     a - +1 dagger
rCold  . . .     Clarity  .     B - +1 robe {MR+}
rNeg   . . .     SustAt   .     (shield restricted)
rPois  .         Gourm    .     (helmet restricted)
rElec  .         Spirit   .     (no cloak)
rCorr  .         Warding  .     (gloves unavailable)
rMut   .         NoTele   +     (boots unavailable)
MR     ++...                    (no amulet)
Stlth  +++++.....               (no ring)
                                (no ring)

@: mighty, very slightly contaminated, hasted, wreathed by umbra, very quick,
very resistant to hostile enchantments, quite stealthy
A: unfitting armour, horns 1, iridescent scales 1, see invisible, herbivore 3,
speed 3, frail 1, slow metabolism 2, evolution 1, subdued magic 1
a: Shadow Step, Renounce Religion


You were in the Dungeon.
You worshipped Dithmenos.
Dithmenos was most pleased with you.
You were not hungry.

You visited 1 branch You collected 1196 gold pieces.
You spent 500 gold pieces at shops.

Inventory:

Hand weapons
 a - a +1 dagger (weapon)
 k - a +0 arbalest
Missiles
 f - 17 bolts
Armour
 B - a +1 robe of magic resistance (worn)
 D - a +2 ice dragon armour
Scrolls
 n - 4 scrolls of remove curse
 s - a scroll of recharging
Potions
 e - a potion of curing
 g - a potion of haste
 h - 4 potions of magic
 i - a potion of berserk rage
 o - a potion of brilliance
 u - 3 potions of resistance
 A - 2 potions of flight
 C - a potion of ambrosia
Books
 c - a book of Maledictions

   Spells                             Type                      Level
   a - Corona                         Hexes                        1
   b - Ensorcelled Hibernation        Hexes/Ice                    2
   c - Confuse                        Hexes                        3
   d - Tukima's Dance                 Hexes                        3
   e - Dazzling Spray                 Conjuration/Hexes            3
Comestibles
 d - a bread ration
 l - a slice of pizza


   Skills:
 + Level 8.0 Short Blades
 + Level 1.5 Armour
 * Level 14.2 Dodging
 * Level 15.5 Stealth
 * Level 12.2 Spellcasting
 + Level 4.2 Conjurations
 + Level 9.5 Hexes
 + Level 4.6 Ice Magic
 + Level 3.4 Invocations


You had 20 spell levels left.
You knew the following spells:

 Your Spells              Type           Power        Failure   Level  Hunger
a - Corona                Hex            ####...      0%          1    None
b - Ensorcelled Hibernat  Hex/Ice        ###...       1%          2    None
c - Confuse               Hex            ####....     1%          3    None
d - Tukima's Dance        Hex            ####....     1%          3    None
e - Dazzling Spray        Conj/Hex       ###.....     1%          3    None


Dungeon Overview and Level Annotations

Branches:
Dungeon (1/1)

Altars:
Cheibriados
Dithmenos
Elyvilon
Fedhas
Gozag
Kikubaaqudgha
Makhleb
Nemelex Xobeh
Okawaru
Qazlal
Ru
Sif Muna
Trog
Vehumet
Xom
Yredelemnul
Zin
The Shining One
Beogh
Jiyva
Lugonu

Shops:
D ![:(=![?}:([[(=%

Annotations:
D exclusion: oklob plant, Kirke


Innate Abilities, Weirdness & Mutations

You are tiny and cannot use many weapons and most armour.
You have supernaturally acute eyesight.
You are a herbivore.
You cover ground extremely quickly.
You need consume almost no food.
You have a pair of small horns on your head.
You are partially covered in iridescent scales (AC +4).
You are frail (-10% HP).
You evolve.
Your spells are a little easier to cast, but a little less powerful.


Message History

You hit the yaktaur captain.
The yaktaur captain is heavily wounded.
The skeletal warrior completely misses you.
You hit the yaktaur captain but do no damage.
The yaktaur captain is heavily wounded.
The yaktaur captain hits you!!
Ouch! That really hurt!
* * * LOW HITPOINT WARNING * * *
You emit a cloud of dark smoke.
Drink which item? (? for menu, Esc to quit)
You don't have any such object.
Drink which item? (? for menu, Esc to quit)
Drink which item? (? for menu, Esc to quit)
Okay, then.
Drink which item? (? for menu, Esc to quit)
You feel better. The skeletal warrior barely misses you.
Your unstable footing causes you to fumble your attack.
The yaktaur captain hits you!!
Ouch! That really hurt!
You die...

*,,,,,,+,,*∩∩,∩∩+,+,,***,,,,
*,,,,,,*,,*******,****,,,,,,
*+******+**,,****+####,,,,,,
*∩∩∩∩∩∩*,,+,**§≈≈≈≈§§##⌠,,,,
*∩∩∩∩∩∩*,,***≈,z§§z§§§##,,,,
*****###*,,+≈≈≈§z≈§≈§..##++#
*,,,*#..5####,,≈§z≈z≈≈**≈...
*,,,,#54Kz@§##≈≈zz§≈,**,≈,..
############@c#+++#+++##***,.
###########§§§§§.......#,,+,,
##∩.......#§§§§§##+##..#,,***
##.∩.....∩#≈≈≈≈##.#.##.####,,
##∩.∩...∩.#≈≈≈≈#%##..#....#,,
##.∩.∩.∩.∩#≈≈#####..####..##*
##..∩.∩.∩.#≈##.###'###.##..#,
##...∩.∩..#≈#...##.###..#..#,
##....⌠...+≈+###+.<.'8##'..##


You could see Kirke (confused), a yaktaur captain and a skeletal warrior.

Vanquished Creatures
  2 death drakes (D)
  3 polar bears (D)
  A yaktaur (D)
  A blink frog (D)
  2 boulder beetles (D)
  A wasp (D)
  A swamp drake (D)
  4 brain worms (D)
  4 crocodiles (D)
  4 worker ants (D)
  3 worms (D)
26 creatures vanquished.

Vanquished Creatures (others)
  Menkaure (D)
  A crocodile (D)
  16 tentacles (D)
  191 tentacle segments (D)
209 creatures vanquished.

Grand Total: 235 creatures vanquished

Notes
Turn   | Place    | Note
--------------------------------------------------------------
     0 | D        | Kidiri the Spriggan Enchanter began the quest for the Orb.
     0 | D        | Reached XP level 1. HP: 9/9 MP: 5/5
     1 | D        | Noticed a brain worm
     1 | D        | Noticed a brain worm
     1 | D        | Noticed a brain worm
     1 | D        | Noticed a brain worm
    15 | D        | Killed Menkaure
    26 | D        | Killed a crocodile
   110 | D        | Killed a brain worm
   110 | D        | Reached skill level 6 in Dodging
   110 | D        | Reached skill level 7 in Stealth
   110 | D        | Reached skill level 5 in Spellcasting
   110 | D        | Reached XP level 2. HP: 13/13 MP: 5/9
   110 | D        | Reached XP level 3. HP: 16/16 MP: 5/10
   110 | D        | Reached XP level 4. HP: 21/21 MP: 6/12
   126 | D        | Killed a brain worm
   126 | D        | Reached skill level 8 in Stealth
   126 | D        | Reached skill level 5 in Hexes
   139 | D        | Killed a brain worm
   139 | D        | Reached skill level 9 in Stealth
   139 | D        | Reached XP level 5. HP: 17/24 MP: 9/15
   142 | D        | Killed a brain worm
   142 | D        | Reached skill level 10 in Stealth
   146 | D        | Learned a level 2 spell: Ensorcelled Hibernation
   150 | D        | Learned a level 3 spell: Confuse
   154 | D        | Learned a level 3 spell: Tukima's Dance
   158 | D        | Learned a level 3 spell: Dazzling Spray
   326 | D        | Noticed a boulder beetle
   326 | D        | Noticed a boulder beetle
   333 | D        | Reached XP level 6. HP: 28/28 MP: 17/17
   344 | D        | Noticed a worker ant
   344 | D        | Noticed a worker ant
   346 | D        | Noticed a worker ant
   346 | D        | Noticed a worker ant
   347 | D        | Killed a worker ant
   347 | D        | Reached skill level 5 in Short Blades
   348 | D        | Killed a worker ant
   348 | D        | Reached skill level 11 in Stealth
   351 | D        | Killed a worker ant
   351 | D        | Reached skill level 1 in Ice Magic
   353 | D        | Killed a worker ant
   353 | D        | Reached skill level 10 in Dodging
   353 | D        | Reached skill level 1 in Conjurations
   368 | D        | Killed a boulder beetle
   375 | D        | Killed a boulder beetle
   375 | D        | Reached skill level 12 in Stealth
   375 | D        | Reached XP level 7. HP: 19/32 MP: 3/21
   544 | D        | Noticed a flying skull
   545 | D        | Noticed a flying skull
   545 | D        | Noticed a flying skull
   545 | D        | Noticed a flying skull
   551 | D        | Noticed a flying skull
   551 | D        | Noticed a flying skull
   552 | D        | Noticed a flying skull
   552 | D        | Noticed a flying skull
   552 | D        | Noticed a flying skull
   552 | D        | Noticed a flying skull
   552 | D        | Noticed a flying skull
   552 | D        | Noticed a crocodile
   553 | D        | Found Somah's Jewellery Boutique.
   553 | D        | Found Naocaga's Food Shop.
   553 | D        | Noticed Kirke
   553 | D        | Noticed a kobold demonologist
   553 | D        | Noticed a yaktaur captain
   554 | D        | Killed a crocodile
   576 | D        | Noticed a lava snake
   577 | D        | Noticed a lava snake
   580 | D        | Noticed a lava snake
   583 | D        | Found Rapuph's Antique Armour Shop.
   583 | D        | Found Jyjotwis's Antique Weapon Shop.
   584 | D        | Found Qalanwate's Book Boutique.
   584 | D        | Found Neyruh's Weapon Boutique.
   585 | D        | Noticed a blink frog
   587 | D        | Killed a blink frog
   587 | D        | Reached skill level 13 in Stealth
   587 | D        | Reached skill level 10 in Spellcasting
   590 | D        | Found Holloh's Gadget Boutique.
   590 | D        | Found Qif Hyn's Magic Scroll Shop.
   593 | D        | Found Haymmuw's Armour Shop.
   593 | D        | Found Vurrafof's Distillery.
   593 | D        | Noticed a spiny frog
   594 | D        | Found Oretaum's Antique Armour Boutique.
   596 | D        | Found Josmam's Jewellery Boutique.
   596 | D        | Found Hyoseqoe's Antique Weapon Shop.
   596 | D        | Noticed a spiny frog
   596 | D        | Noticed an oklob plant
   597 | D        | Found Cuorphoch's Antique Armour Shop.
   597 | D        | Found Bachumeu's Book Shoppe.
   597 | D        | Found Kuuriph's Distillery.
   597 | D        | Noticed a hippogriff
   598 | D        | Noticed a hippogriff
   600 | D        | Noticed a hippogriff
   637 | D        | Noticed a hell hog
   645 | D        | Bought a potion of experience for 500 gold pieces
   645 | D        | Reached XP level 8. HP: 36/36 MP: 21/23
   688 | D        | Found a glowing silver altar of Zin.
   689 | D        | Found a stormy altar of Qazlal.
   689 | D        | Found a radiant altar of Vehumet.
   689 | D        | Found a shimmering altar of Xom.
   690 | D        | Found a shadowy altar of Dithmenos.
   690 | D        | Found an iron altar of Okawaru.
   690 | D        | Found a corrupted altar of Lugonu.
   691 | D        | Found a blossoming altar of Fedhas.
   691 | D        | Found a sparkling altar of Nemelex Xobeh.
   691 | D        | Found a glowing golden altar of the Shining One.
   692 | D        | Found a basalt altar of Yredelemnul.
   692 | D        | Found an opulent altar of Gozag.
   693 | D        | Found a viscous altar of Jiyva.
   694 | D        | Found a bloodstained altar of Trog.
   694 | D        | Found a snail-covered altar of Cheibriados.
   694 | D        | Found a sacrificial altar of Ru.
   694 | D        | Found a roughly hewn altar of Beogh.
   694 | D        | Found a white marble altar of Elyvilon.
   694 | D        | Found a deep blue altar of Sif Muna.
   694 | D        | Noticed a wasp
   694 | D        | Noticed a polar bear
   695 | D        | Found an ancient bone altar of Kikubaaqudgha.
   695 | D        | Found a burning altar of Makhleb.
   695 | D        | Noticed a yaktaur
   701 | D        | Noticed a crocodile
   701 | D        | Became a worshipper of Dithmenos the Shadowed
   707 | D        | Noticed a polar bear
   709 | D        | Noticed a polar bear
   714 | D        | Killed a wasp
   734 | D        | Killed a polar bear
   734 | D        | Reached skill level 14 in Stealth
   734 | D        | Reached skill level 1 in Invocations
   734 | D        | Reached XP level 9. HP: 24/39 MP: 7/25
   735 | D        | Killed a yaktaur
   742 | D        | Killed a polar bear
   852 | D        | Killed a polar bear
   893 | D        | Noticed a kraken
   915 | D        | Noticed a crocodile
  1158 | D        | Gained mutation: You evolve. [potion of mutation]
  1158 | D        | Gained mutation: You are agile. (Dex +2) [potion of mutation]
  1158 | D        | Gained mutation: You are partially covered in iridescent scales (AC +4). [potion of mutation]
  1159 | D        | Gained mutation: Your spells are a little easier to cast, but a little less powerful. [potion of mutation]
  1159 | D        | Lost mutation: You are agile. (Dex +2) [potion of mutation]
  1159 | D        | Gained mutation: You have a pair of small horns on your head. [potion of mutation]
  1499 | D        | Noticed a crocodile
  1503 | D        | Killed a crocodile
  1503 | D        | Acquired Dithmenos's first power
  1507 | D        | Killed a crocodile
  1508 | D        | Killed a crocodile
  1650 | D        | Gained mutation: You are frail (-10% HP). [evolution]
  1654 | D        | Noticed a flying skull
  1662 | D        | Noticed a flying skull
  1662 | D        | Noticed a flying skull
  1663 | D        | Noticed a flying skull
  1663 | D        | Noticed a flying skull
  1663 | D        | Noticed a flying skull
  1674 | D        | Noticed an obsidian statue
  1829 | D        | Noticed a death drake
  1829 | D        | Noticed a swamp drake
  1835 | D        | Noticed a crystal guardian
  1835 | D        | Noticed a swamp drake
  1836 | D        | Noticed a death drake
  1836 | D        | Killed a swamp drake
  1836 | D        | Reached skill level 15 in Stealth
  1868 | D        | Killed a death drake
  1868 | D        | Reached skill level 1 in Armour
  1902 | D        | Killed a death drake
  1902 | D        | Acquired Dithmenos's second power
  1981 | D        | Noticed an elephant
  1981 | D        | Noticed a centaur warrior
  1981 | D        | Noticed a skeletal warrior
  2000 | D        | Noticed a hellwing
  2009 | D        | Mangled by a yaktaur captain

Vault maps used:
D:        the_violet_keep_of_menkaure

Action                   |  1- 3 |  4- 6 |  7- 9 || total
-------------------------+-------+-------+-------++-------
Melee: Dagger            |     4 |    40 |    36 ||    80
 Fire: Arbalest          |       |       |    21 ||    21
 Cast: Corona            |     1 |       |       ||     1
       Ensorcelled Hiber |       |     7 |    17 ||    24
       Confuse           |       |     1 |    19 ||    20
       Dazzling Spray    |       |       |    19 ||    19
  Use: Potion            |       |       |    14 ||    14
       Scroll            |       |       |    14 ||    14
 Stab: Sleeping          |     1 |     9 |     7 ||    17
       Confused          |       |       |     2 ||     2
       Invisible         |       |       |     3 ||     3
